 Dungeon Crawl Stone Soup version 0.20.1-1-g8b1a95d (webtiles) character file.

67 Kingsmith the Conjurer (level 3, 0/19 HPs)
             Began as a Deep Elf Conjurer on Dec 7, 2017.
             Slain by a quokka (3 damage)
             ... on level 2 of the Dungeon.
             The game lasted 00:03:00 (743 turns).

Kingsmith the Conjurer (Deep Elf Conjurer)           Turns: 743, Time: 00:03:01

Health: 0/19       AC:  2    Str:  6    XL:     3   Next: 98%
Magic:  1/11       EV: 13    Int: 19    God:
Gold:   33         SH:  0    Dex: 15    Spells: 6/12 levels left

rFire    . . .     SeeInvis .   f - +0 club
rCold    . . .     Gourm    .   (no shield)
rNeg     . . .     Faith    .   a - +0 robe
rPois    .         Spirit   .   (no helmet)
rElec    .         Reflect  .   (no cloak)
rCorr    .         Harm     .   (no gloves)
MR       .....                  (no boots)
Stlth    ++........             (no amulet)
Regen    0.1/turn               (no ring)
MPRegen  0.2/turn               (no ring)

@: no status effects
A: no striking features
a: no special abilities


You were on level 2 of the Dungeon.
You were not hungry.

You visited 1 branch of the dungeon, and saw 2 of its levels.

You collected 33 gold pieces.

Inventory:

Hand Weapons
 f - a +0 club (weapon)
Armour
 a - a +0 robe (worn)
Scrolls
 h - 3 scrolls of remove curse {unknown}
 i - a scroll of teleportation {unknown}
Potions
 d - a potion of ambrosia {unknown}
 e - 2 potions of agility {unknown}
 g - a potion of curing {unknown}
 m - a potion of lignification {unknown}
Books
 b - a book of Conjurations

   Spells                             Type                      Level
   a - Magic Dart                     Conjuration                  1
   b - Searing Ray                    Conjuration                  2
   c - Dazzling Spray                 Conjuration/Hexes            3
   d - Fulminant Prism                Conjuration/Hexes            4
   e - Force Lance                    Conjuration/Translocation    4
   f - Iskenderun's Mystic Blast      Conjuration                  4
Comestibles
 c - a bread ration
 j - a fruit
 k - a meat ration
 l - a chunk of flesh


   Skills:
 - Level 2.4 Dodging
 - Level 2.4 Stealth
 - Level 5.0 Spellcasting
 + Level 5.1 Conjurations


You had 6 spell levels left.
You knew the following spells:

 Your Spells              Type           Power        Failure   Level  Hunger
a - Magic Dart            Conj           ###.         1%          1    None
b - Searing Ray           Conj           ###...       2%          2    #......
c - Dazzling Spray        Conj/Hex       ##....       13%         3    ##.....


Dungeon Overview and Level Annotations

Branches:
Dungeon (2/15)

Altars:


Message History

The searing ray hits the adder.
The adder is almost dead. (Press . to maintain the ray.)
The adder misses you. The adder closely misses you.
The searing ray misses the adder.
The quokka bites you but does no damage.
The adder misses you.
The searing ray misses the adder.
The quokka barely misses you. The quokka closely misses you.
The adder bites you but does no damage.
The searing ray hits the adder.
You kill the adder!
Your Conjurations skill increases to level 5!
You finish channeling your searing ray.
The quokka bites you but does no damage.
The quokka bites you. x2
You barely miss the quokka. The quokka bites you.
The quokka barely misses you. x2
You barely miss the quokka. The quokka bites you.
* * * LOW HITPOINT WARNING * * *
The quokka barely misses you. The quokka bites you.
You die...

.......##
#........
#........
#...!....
#........
#........
#rr......
#@†....#
####.....
##.


You could see 2 quokkas.

Vanquished Creatures
  Natasha (D:2)
  An adder (D:2)
  An ooze (D:1)
  A dart slug (D:1)
  A ball python (D:1)
  10 bats (D:1)
  4 goblins (D:1)
  4 hobgoblins (D:1)
  A frilled lizard (D:1)
  A kobold (D:1)
  4 rats (D:1)
29 creatures vanquished.

Notes
Turn   | Place    | Note
-------+----------+-------------------------------------------
     0 | D:1      | Kingsmith the Deep Elf Conjurer began the quest for the Orb.
     0 | D:1      | Reached XP level 1. HP: 10/10 MP: 6/6
   103 | D:1      | Reached XP level 2. HP: 12/15 MP: 0/8
   494 | D:1      | Reached XP level 3. HP: 14/19 MP: 9/11
   501 | D:1      | Learned a level 2 spell: Searing Ray
   505 | D:1      | Learned a level 3 spell: Dazzling Spray
   593 | D:1      | Reached skill level 5 in Spellcasting
   732 | D:2      | Noticed Natasha
   737 | D:2      | Killed Natasha
   741 | D:2      | Reached skill level 5 in Conjurations
   743 | D:2      | Slain by a quokka

Skill      XL: |  1  2  3 |
---------------+----------+-----
Spellcasting   | 4 5 |  5.0
Conjurations   | 5 |  5.1
Dodging        | |  2.4
Stealth        | |  2.4

Action                   || total
-------------------------++-------
Melee: Unarmed           ||     2
       Club              ||    13
 Cast: Magic Dart        ||    42
       Searing Ray       ||     2
Armor: Robe              ||     9
Dodge: Dodged            ||    43
